 Dungeon Crawl Stone Soup version 0.23.0-3-gf3c87f2 (webtiles) character file.

Game seed: 3377560959329046064

1352 sking99 the Ruffian (level 8, -5/42 HPs)
             Began as a Vine Stalker Fighter on Feb 24, 2019.
             Was a Follower of Makhleb.
             Slain by an orc warrior
             ... wielding a +0 war axe
              (15 damage)
             ... on level 6 of the Dungeon.
             The game lasted 00:08:46 (4321 turns).

sking99 the Ruffian (Vine Stalker Fighter)          Turns: 4321, Time: 00:08:47

Health: -5/42      AC: 10    Str: 19    XL:     8   Next: 63%
Magic:  0/9        EV:  5    Int:  8    God:    Makhleb [*.....]
Gold:   157        SH: 11    Dex: 16    Spells: 7/7 levels left

rFire    . . .     SeeInvis .     - Unarmed
rCold    . . .     Gourm    .   b - +1 shield
rNeg     . . .     Faith    .   q - +0 chain mail
rPois    .         Spirit   +   (no helmet)
rElec    .         Reflect  .   (no cloak)
rCorr    .         Harm     .   n - +0 pair of gloves
MR       +....     Rnd*Tele +   (no boots)
Stlth    ..........             (no amulet)
HPRegen  0.54/turn              k - ring of teleportation (curse)
MPRegen  0.11/turn              (no ring)

@: no status effects
A: fangs 3, regeneration 1, magic shield, antimagic bite, no potion heal 3, rot
immunity
a: Renounce Religion


You were on level 6 of the Dungeon.
You worshipped Makhleb.
Makhleb was aware of your devotion.
You were hungry.

You visited 1 branch of the dungeon, and saw 6 of its levels.

You collected 157 gold pieces.

Inventory:

Armour
 a - a +0 scale mail
 b - a +1 shield (worn)
 n - a +0 pair of gloves (worn)
 q - a +0 chain mail (worn)
Jewellery
 k - a cursed ring of teleportation (left hand)
Wands
 p - a wand of iceblast (10)
 s - a wand of paralysis (22)
Scrolls
 g - a scroll of fear
 i - a scroll of enchant armour
 l - 3 scrolls of teleportation
Potions
 c - a potion of might
 e - a potion of flight
 f - a potion of brilliance
 h - 2 potions of curing
 j - a potion of haste
 o - a potion of invisibility
 r - a potion of cancellation {unknown}
Comestibles
 d - 12 rations
 m - 15 chunks of flesh


   Skills:
 + Level 4.9 Fighting
 + Level 4.5 Armour
 + Level 4.9 Shields
 * Level 6.8 Unarmed Combat


You had 7 spell levels left.
You didn't know any spells.
Your spell library was empty.

Dungeon Overview and Level Annotations

Branches:
Dungeon (6/15)             Temple (0/1) D:4

Altars:
Cheibriados
Gozag
Kikubaaqudgha
Makhleb
Nemelex Xobeh
Okawaru
Uskayaw
Wu Jian
Xom
Zin

Annotations:
D:2 Sigmund


Innate Abilities, Weirdness & Mutations

You have razor-sharp teeth.
Your natural rate of healing is unusually fast.
When hurt, damage is shared between your health and your magic reserves.
Your bite disrupts and absorbs the magic of your enemies.
Potions cannot restore your health.
You are immune to rotting.


Message History

You block the orc warrior's attack.
The orc wizard mumbles some strange words.
The orc wizard blinks!
You closely miss the orc warrior. You bite the orc warrior.
You drain its power.
You feel invigorated.
The orc warrior is heavily wounded.
You feel yourself speed up.
The orc warrior hits you with a +0 war axe. x2
* * * LOW HITPOINT WARNING * * *
You closely miss the orc warrior.
The orc warrior is heavily wounded.
You barely miss the orc warrior.
The orc warrior is heavily wounded.
The orc wizard mumbles some strange words.
The orc wizard blinks!
You block the orc warrior's attack.
You punch the orc warrior!
You bite the orc warrior, but do no damage.
The orc warrior is severely wounded.
The orc warrior hits you with a +0 war axe!!
You die...

#... ### ## +...
+.. .. #$...#o###.
#....#.#..
##^...#.#o#
........#o#########
.........oo@..o....
###....o#########
#.##### #


You could see an orc warrior, an orc priest, 2 orc wizards and an orc.

Vanquished Creatures
  An ice beast (D:5)
  2 orc warriors
  A phantom (D:5)
  An ogre (D:4)
  A centaur (D:5)
  2 scorpions
  2 howler monkeys (D:4)
  A crimson imp (D:3)
  3 orc priests
  2 hounds (D:4)
  2 orc wizards
  Ijyb (D:5)
  5 worker ants
  A worker ant zombie (D:6)
  7 gnolls
  8 adders
  An ooze (D:2)
  A worm (D:4)
  7 leopard geckos
  19 orcs
  A ball python (D:5)
  5 giant cockroaches
  7 goblins
  12 hobgoblins
  2 quokkas
  A ball python skeleton (D:5)
  A ball python zombie (D:5)
  6 bats
  3 frilled lizards
  A giant cockroach zombie (D:5)
  4 kobolds
  11 rats
122 creatures vanquished.

Notes
Turn   | Place    | Note
-------+----------+-------------------------------------------
     0 | D:1      | sking99 the Vine Stalker Fighter began the quest for the
                  | Orb.
     0 | D:1      | Reached XP level 1. HP: 11/11 MP: 2/2
   217 | D:1      | Reached XP level 2. HP: 16/16 MP: 3/3
   956 | D:2      | Reached XP level 3. HP: 19/19 MP: 4/4
  1142 | D:2      | Noticed Sigmund
  1523 | D:2      | Reached skill level 3 in Unarmed Combat
  1528 | D:2      | Gained mutation: Your natural rate of healing is unusually
                  | fast. [Vine Stalker growth]
  1528 | D:2      | Reached XP level 4. HP: 18/24 MP: 3/5
  1754 | D:2      | Found an ornate altar of the Wu Jian Council.
  1855 | D:3      | Found a sparkling altar of Nemelex Xobeh.
  2154 | D:3      | Reached XP level 5. HP: 27/28 MP: 6/6
  2219 | D:3      | Found a shimmering altar of Xom.
  2228 | D:3      | Found a burning altar of Makhleb.
  2444 | D:3      | Found a hide-covered altar of Uskayaw.
  2519 | D:3      | Became a worshipper of Makhleb the Destroyer
  2632 | D:4      | Reached skill level 4 in Unarmed Combat
  2646 | D:4      | Found a staircase to the Ecumenical Temple.
  2666 | D:4      | Reached XP level 6. HP: 30/32 MP: 7/7
  2866 | D:4      | Found an ancient bone altar of Kikubaaqudgha.
  2866 | D:4      | Found a snail-covered altar of Cheibriados.
  2867 | D:4      | Found a glowing silver altar of Zin.
  3025 | D:4      | Reached XP level 7. HP: 31/37 MP: 6/8
  3069 | D:4      | Reached skill level 5 in Unarmed Combat
  3164 | D:5      | Entered Level 5 of the Dungeon
  3208 | D:5      | Reached * piety under Makhleb
  3210 | D:5      | Found an iron altar of Okawaru.
  3401 | D:5      | Gained mutation: You have razor-sharp teeth. [Vine Stalker
                  | growth]
  3401 | D:5      | Reached XP level 8. HP: 30/42 MP: 9/9
  3507 | D:5      | Noticed Ijyb
  3544 | D:5      | Reached skill level 6 in Unarmed Combat
  3553 | D:5      | Killed Ijyb
  3895 | D:5      | Paralysed by an orc for 7 turns
  4117 | D:5      | Found an opulent altar of Gozag.
  4321 | D:6      | Slain by an orc warrior

Skill      XL: |  1  2  3  4  5  6  7  8 |
---------------+-------------------------+-----
Fighting       | 3 4 |  4.9
Shields        | 3 4 |  4.9
Unarmed Combat | 3 4 5 6 |  6.8
Armour         | 3 4 |  4.5

Action                   |  1- 3 |  4- 6 |  7- 9 || total
-------------------------+-------+-------+-------++-------
Melee: Unarmed           |    86 |   182 |   226 ||   494
       Bite              |    24 |    64 |    78 ||   166
  Use: Scroll            |       |       |     8 ||     8
  Eat: Chunk             |     2 |     5 |     4 ||    11
Armor: Scale mail        |    32 |    73 |    12 ||   117
       Chain mail        |       |       |    65 ||    65
Dodge: Dodged            |    24 |    44 |    44 ||   112
Block: Shield            |    38 |    87 |   114 ||   239
